 Dungeon Sprint DCSS version 0.31-a0-43-g46d131a48f (webtiles) character file.

Game seed: 3153531624949759208

238 sircluck the Ruffian (level 5, -2/59 HPs)
             Began as a Troll Berserker on May 19, 2023.
             Was a Believer of Trog.
             Slain by a neqoxec (8 damage)
             ... while paralysed
             ... in the Dungeon (Sprint II: "The Violet Keep of Menkaure").
             The game lasted 00:00:20 (72 turns).

sircluck the Ruffian (Troll Berserker)                Turns: 72, Time: 00:00:20

Health: -2/59      AC:  4    Str: 27      XL:     5   Next: 78%
Magic:  4/4        EV:  1    Int:  0 (3)  God:    Trog [**....]
Gold:   243        SH:  0    Dex:  9      Spells: 4/4 levels left

rFire   . .          .
                       - Unarmed
rCold   . . .        (no shield)
rNeg    . . .        a - +0 animal skin
rPois   .            (helmet restricted)
rElec   .            (no cloak)
rCorr   .            (gloves unavailable)
SInv    .            (boots unavailable)
Will    .....        (no amulet)
Stlth   +            (no ring)
HPRegen 1.09/turn    (no ring)
MPRegen 0.09/turn

%: no teleportation
@: paralysed, slowed, lost intelligence, unable to read
A: large, unfitting armour, claws 3, regeneration 1, shaggy fur 1, tough skin 1
a: Renounce Religion, Berserk, Trog's Hand


You were in the Dungeon.
You worshipped Trog.
Trog was pleased with you.
You visited 1 branch You collected 243 gold pieces.

Inventory:

Armour
 a - a +0 animal skin (worn)
Scrolls
 g - a scroll of blinking
Potions
 b - a potion of curing
 c - a potion of heal wounds
 d - a potion of haste
 e - 2 potions of magic
 f - a potion of berserk rage


   Skills:
 + Level 6.1 Fighting
 + Level 6.2 Dodging
 + Level 7.8 Unarmed Combat


You had 4 spell levels left.
You didn't know any spells.
Your spell library was empty.

Dungeon Overview and Level Annotations

Branches:
Dungeon (1/1)

Altars:

Annotations:
D Menkaure


Innate Abilities, Weirdness & Mutations

You are too large for most types of armour.
You have claws for hands.
Your natural rate of healing is unusually fast.
You are covered in fur. (AC +1)
You have tough skin. (AC +1)


Message History

The neqoxec gestures at you.
Something tries to feed on your intellect!
Found 243 gold pieces.
You closely miss the neqoxec. The neqoxec hits you!
You mangle the neqoxec!!
The neqoxec is severely wounded.
The neqoxec hits you!
You closely miss the neqoxec.
The neqoxec is severely wounded.
Menkaure, Prince of Dust comes into view.
The neqoxec hits you.
You closely miss the neqoxec.
The neqoxec is severely wounded.
The neqoxec barely misses you. The neqoxec gestures at you.
Something tries to feed on your intellect!
You closely miss the neqoxec.
The neqoxec is severely wounded.
The neqoxec gestures at you.
You feel dopey. Something feeds on your intellect! The neqoxec hits you!
You closely miss the neqoxec.
The neqoxec is severely wounded.
The neqoxec gestures at you.
You feel dopey.
You have lost your intelligence.
Something feeds on your intellect!
Menkaure calls on the powers of darkness!
Your body is wracked with pain!
* * * LOW HITPOINT WARNING * * *
The neqoxec gestures at you.
Something tries to feed on your intellect!
The neqoxec hits you.
* * * LOW HITPOINT WARNING * * *
The neqoxec hits you but does no damage.
The neqoxec hits you!
* * * LOW HITPOINT WARNING * * *
The neqoxec gestures at you.
Something tries to feed on your intellect!
The neqoxec hits you!
You die...

##+##
##...##
#..#..#
##.#.##
# ##†##
.#
##.##3.#
+.<@33#
##.##3#
#+# M# #


You could see 4 neqoxecs and Menkaure.

Vanquished Creatures
  4 necrophages (D)
4 creatures vanquished.

Notes
Turn   | Place    | Note
-------+----------+-------------------------------------------
     0 | D        | sircluck the Troll Berserker began the quest for the Orb.
     0 | D        | Reached XP level 1. HP: 22/22 MP: 0/0
     1 | D        | Noticed a necrophage
     1 | D        | Noticed a necrophage
     1 | D        | Noticed a necrophage
     1 | D        | Noticed a necrophage
     7 | D        | Killed a necrophage
     8 | D        | Reached skill level 5 in Unarmed Combat
     8 | D        | Reached XP level 2. HP: 32/32 MP: 1/1
     8 | D        | Reached XP level 3. HP: 39/39 MP: 2/2
    12 | D        | Killed a necrophage
    13 | D        | Reached skill level 5 in Fighting
    13 | D        | Reached skill level 5 in Dodging
    13 | D        | Reached skill level 6 in Unarmed Combat
    13 | D        | Reached XP level 4. HP: 50/50 MP: 3/3
    18 | D        | Killed a necrophage
    18 | D        | Reached ** piety under Trog
    19 | D        | Reached skill level 7 in Unarmed Combat
    19 | D        | Reached XP level 5. HP: 59/59 MP: 4/4
    62 | D        | Noticed a neqoxec
    62 | D        | Noticed a neqoxec
    62 | D        | Noticed a neqoxec
    62 | D        | Noticed a neqoxec
    65 | D        | Noticed Menkaure
    68 | D        | Lost intelligence.
    72 | D        | Slain by a neqoxec

Illustrated notes

Levels and vault maps discovered:
D:        the_violet_keep_of_menkaure [sprint2_stairs_cluster_1,
          sprint2_shoproom, sprint2_temple, sprint2_basic_supplies,
          sprint2_obstacle_1, sprint2_obstacle_3, sprint2_obstacle_6,
          sprint2_obstacle_7, sprint2_obstacle_4, sprint2_timed_cluster_1,
          sprint2_smallroom_cluster_1, sprint2_smallroom_final_cluster_1,
          sprint2_transparent_cluster_1, sprint2_second_timed_cluster_1,
          sprint2_sniper_area_1, sprint2_heavy_combat_area_1,
          sprint2_mutation_trap_area_1, sprint2_forest_area_1,
          sprint2_light_combat_area_1, sprint2_behind_water_1,
          sprint2_near_end_vault_1]

Skill      XL: |  1  2  3  4  5 |
---------------+----------------+-----
Fighting       | 4 5 6 |  6.1
Dodging        | 4 5 6 |  6.2
Unarmed Combat | 5 6 7 |  7.8

Action                     |  1- 3 |  4- 6 || total
---------------------------+-------+-------++-------
  Melee: Unarmed           |     9 |    18 ||    27
 Invoke: Berserk           |     1 |       ||     1
 Armour: Animal skin       |       |     2 ||     2
  Dodge: Dodged            |     2 |     4 ||     6

Table legend: (Time is in decaauts)
 A = Elapsed time spent in this place.
 B = Non-inter-level travel time spent in this place.
 C = Inter-level travel time spent in this place.
 D = Time resting spent in this place.
 E = Time spent auto-exploring this place.
 F = Levels seen in this place.
 G = Mean time per level.
                   A        B        C        D        E       F      G
               +--------+--------+--------+--------+--------+-----+--------+
         Total |     75 |     75 |      0 |     23 |      1 |   1 |   75.0 |
       Dungeon |     75 |     75 |      0 |     23 |      1 |   1 |   75.0 |
               +--------+--------+--------+--------+--------+-----+--------+

Top non-repeatable levels by time:
       D: 75 daAuts
